 Dungeon Crawl Stone Soup version 0.30-a0-643-g638baaf3f0 (webtiles) character file.

Game seed: 12232747752416463673

366 Citaku the Covered (level 6, -13/55 HPs)
             Began as a Minotaur Fighter on Jan 16, 2023.
             Mangled by a gnoll
             ... wielding a +0 halberd
             ... led by a gnoll bouda
              (14 damage)
             ... on level 4 of the Dungeon.
             The game lasted 00:04:28 (2676 turns).

Citaku the Covered (Minotaur Fighter)               Turns: 2676, Time: 00:04:29

Health: -13/55     AC:  7    Str: 22    XL:     6   Next: 40%
Magic:  5/5        EV:  9    Int:  5    God:
Gold:   245        SH:  5    Dex: 10    Spells: 5/5 levels left

rFire   . . .      SeeInvis .    a - +0 war axe
rCold   . . .      Faith    .    c - +0 buckler
rNeg    . . .      Spirit   .    b - +0 scale mail
rPois   .          Reflect  .    (helmet restricted)
rElec   .          Harm     .    (no cloak)
rCorr   .          Rampage  .    (no gloves)
Will    +....                    (no boots) Stlth
                                 (no amulet)
HPRegen 0.29/turn                g - ring of willpower
MPRegen 0.09/turn                (no ring)

@: mighty
A: horns 2, retaliatory headbutt
a: no special abilities


You were on level 4 of the Dungeon.
You visited 1 branch of the dungeon, and saw 4 of its levels.

You collected 245 gold pieces.

Inventory:

Hand Weapons
 a - a +0 war axe (weapon)
Armour
 b - a +0 scale mail (worn)
 c - a +0 buckler (worn)
Jewellery
 g - a ring of willpower (left hand)
Wands
 n - a wand of polymorph (4)
Scrolls
 e - a scroll of identify {unknown}
 k - a scroll of blinking {unknown}
 l - a scroll of poison {unknown}
 m - a scroll of vulnerability {unknown}
 o - 2 scrolls of fear {unknown}
 p - a scroll of silence {unknown}
 q - a scroll of magic mapping {unknown}
 t - a scroll of brand weapon {unknown}
 u - a scroll of enchant weapon {unknown}
 v - a scroll of teleportation {unknown}
 x - a scroll of enchant armour {unknown}
Potions
 d - a potion of might
 f - 2 potions of lignification {unknown}
 h - 2 potions of heal wounds {unknown}
 i - a potion of ambrosia {unknown}
 j - 4 potions of curing {unknown}
 r - 2 potions of brilliance {unknown}
 s - a potion of flight {unknown}
 w - 2 potions of resistance {unknown}


   Skills:
 + Level 4.8 Fighting
 * Level 5.1 Axes
 * Level 5.8 Armour
 + Level 4.9 Shields


You had 5 spell levels left.
You didn't know any spells.
Your spell library contained the following spells:

 Spells                   Type           Power      Damage    Failure   Level
 Blink                    Tloc           0%         N/A       95%         2
 Lesser Beckoning         Tloc           0%         N/A       95%         2
 Momentum Strike          Conj/Tloc      0%         3d8       95%         2


Dungeon Overview and Level Annotations

Branches:
Dungeon (4/15)
 Temple: D:4-7

Altars:
Xom
Yredelemnul

Shops:
D:4 (

Annotations:
D:4 1 runed translucent door


Innate Abilities, Weirdness & Mutations

You have a pair of horns on your head.
You reflexively headbutt those who attack you in melee.


Message History

The gnoll is healed somewhat.
The gnoll barely misses you.
The gnoll closely misses you. x2; You furiously retaliate!
You headbutt the gnoll. You block the gnoll's attack.
You hit the gnoll. You headbutt the gnoll.
You kill the gnoll!
You closely miss the gnoll. You hit the gnoll. You hit the jackal.
You hit the gnoll bouda.
The gnoll bouda hits you with a +0 whip.
The gnoll barely misses you. The gnoll misses you.
You block the jackal's attack. The jackal completely misses you.
You block the gnoll's attack.
Unknown command.
You closely miss the jackal.
The jackal is heavily wounded.
You hit the gnoll bouda.
You slash the gnoll! x2; You slash the jackal!
You kill the jackal!
The jackal barely misses you. The gnoll bouda closely misses you.
You furiously retaliate!
You headbutt the gnoll bouda. The gnoll hits you with a +0 spear.
The gnoll hits you with a +0 halberd! The gnoll misses you.
The jackal closely misses you. The gnoll hits you with a +0 spear.
The gnoll barely misses you. The jackal bites you.
You are too injured to fight recklessly!
You are too injured to fight recklessly!
You are too injured to fight recklessly!
You feel very mighty all of a sudden.
Your attacks no longer feel as feeble.
The jackal bites you. You block the jackal's attack.
The gnoll hits you but does no damage. The gnoll closely misses you.
The gnoll hits you with a +0 spear. The gnoll hits you with a +0 halberd!
* * * LOW HITPOINT WARNING * * *
The gnoll bouda hits you with a +0 whip!
* * * LOW HITPOINT WARNING * * *
You slice the gnoll!!
You kill the gnoll!
You barely miss the gnoll. x2; You barely miss the jackal.
You slash the jackal!
You kill the jackal!
You slash the gnoll bouda!
The jackal bites you but does no damage.
The gnoll hits you from afar with a +0 halberd!
You die...

##...#.....#
.....#.....#
.....#.....#
.....#.....#
.....#.....#
##...#.....#
##'###.....#########
.....#.........)g..#.#
.....#........(g@)...#
.....#.........gh†......
##+###...........g......
#.......................
#.....#+#####+#####.....
+..<..'....# .....
#.....#....# ....
#.....#....# ....
#.....######


You could see a gnoll bouda, 3 gnolls and a jackal.

Vanquished Creatures
  2 scorpions (D:4)
  An iguana (D:4)
  Ijyb (D:3)
  Terence (D:3)
  2 gnolls (D:4)
  6 adders
  3 worms
  3 dart slugs
  4 orcs (D:4)
  7 ball pythons
  7 endoplasms
  5 giant cockroaches
  10 goblins
  3 hobgoblins
  8 jackals
  6 kobolds
  4 quokkas
  6 bats
  5 frilled lizards
  A goblin skeleton (D:4)
  4 rats
89 creatures vanquished.

Notes
Turn   | Place    | Note
-------+----------+-------------------------------------------
     0 | D:1      | Citaku the Minotaur Fighter began the quest for the Orb.
     0 | D:1      | Reached XP level 1. HP: 19/19 MP: 0/0
   152 | D:1      | Reached XP level 2. HP: 27/27 MP: 1/1
   525 | D:1      | Reached XP level 3. HP: 31/33 MP: 2/2
  1001 | D:2      | Reached XP level 4. HP: 39/40 MP: 3/3
  1169 | D:3      | Noticed Ijyb
  1179 | D:3      | Killed Ijyb
  1359 | D:3      | Noticed Terence
  1368 | D:3      | Killed Terence
  1369 | D:3      | Reached XP level 5. HP: 24/47 MP: 4/4
  1376 | D:3      | Reached skill level 5 in Armour
  1596 | D:3      | Found a shimmering altar of Xom.
  2288 | D:4      | Found Anlej's Weapon Emporium.
  2457 | D:4      | Found a runed translucent door.
  2457 | D:4      | Noticed a human
  2458 | D:4      | Found a basalt altar of Yredelemnul.
  2604 | D:4      | Reached XP level 6. HP: 53/53 MP: 5/5
  2642 | D:4      | Reached skill level 5 in Axes
  2675 | D:4      | HP: 1/55 [gnoll bouda/+0 whip (8)]
  2676 | D:4      | Mangled by a gnoll

Illustrated notes

Levels and vault maps discovered:
D:1:      minmay_arrival_doors, layout_basic, minmay_misc_feat_tower,
          minmay_tromino_v4_c
D:2:      layout_rooms, nicolae_concentric_dashed_squares_mild,
          chequers_serial_rivers_micro_a
D:3:      minmay_wonky_spiral, layout_basic, xom_butterflies,
          minmay_misc_feat_five, uniq_ijyb, uniq_terence
D:4:      layout_gridville, dk_yredelemnul_ordeal, serial_shops, shop_fountains,
          enter_ossuary_4

Skill      XL: |  1  2  3  4  5  6 |
---------------+-------------------+-----
Axes           | 3 4 5 |  5.1
Armour         | 4 5 |  5.8
Shields        | 4 |  4.9
Fighting       | 4 |  4.8

Action                   |  1- 3 |  4- 6 || total
-------------------------+-------+-------++-------
Melee: War axe           |    73 |   109 ||   182
       Headbutt          |     9 |    19 ||    28
  Use: Potion            |       |     1 ||     1
Armor: Scale mail        |    30 |    61 ||    91
Dodge: Dodged            |    35 |    47 ||    82
Block: Buckler           |    21 |    22 ||    43

Table legend: (Time is in decaauts)
 A = Elapsed time spent in this place.
 B = Non-inter-level travel time spent in this place.
 C = Inter-level travel time spent in this place.
 D = Time resting spent in this place.
 E = Time spent auto-exploring this place.
 F = Levels seen in this place.
 G = Mean time per level.
                   A        B        C        D        E       F      G
               +--------+--------+--------+--------+--------+-----+--------+
         Total |   2739 |   2701 |     38 |      0 |   2189 |   4 |  684.8 |
       Dungeon |   2739 |   2701 |     38 |      0 |   2189 |   4 |  684.8 |
               +--------+--------+--------+--------+--------+-----+--------+

Top non-repeatable levels by time:
     D:3: 1014 daAuts
     D:1: 827 daAuts
     D:4: 529 daAuts
     D:2: 369 daAuts
